 Dungeon Crawl Stone Soup version 0.19.5 (console) character file.

635 Grinner the Slasher (level 7, -1/56 HPs)
             Began as a Minotaur Gladiator on Mar 2, 2017.
             Was an Initiate of Qazlal.
             Slain by an orc
             ... wielding a +1 vampiric trident
              (6 damage)
             ... on level 4 of the Dungeon.
             The game lasted 00:08:16 (2406 turns).

Grinner the Slasher (Minotaur Gladiator)            Turns: 2406, Time: 00:08:17

Health: -1/56      AC:  4    Str: 19    XL:     7   Next: 25%
Magic:  6/6        EV: 22    Int:  5    God:    Qazlal [......]
Gold:   171        SH:  0    Dex: 18    Spells: 0 memorised, 6 levels left

rFire  . . .     SeeInvis .     a - +1 long sword
rCold  . . .     Gourm    .     b - +0 leather armour
rNeg   . . .     Faith    .     (no shield)
rPois  .         Spirit   .     c - +1 hat
rElec  .         Reflect  .     (no cloak)
rCorr  .         Harm     .     (no gloves)
MR     .....     Rnd*Tele +     (no boots)
Stlth  ++........               (no amulet)
                                (no ring)
                                h - ring of teleportation (curse)

@: agile
A: retaliatory headbutt, horns 2
a: Renounce Religion


You were on level 4 of the Dungeon.
You worshipped Qazlal.
Qazlal was noncommittal.
You were hungry.

You visited 2 branches of the dungeon, and saw 5 of its levels.

You collected 171 gold pieces.

Inventory:

Hand Weapons
 a - a +1 long sword (weapon)
Armour
 b - a +0 leather armour (worn)
 c - a +1 hat (worn)
Jewellery
 h - a cursed ring of teleportation (left hand)
Scrolls
 g - a scroll of amnesia
Potions
 e - a potion of flight
 l - 2 potions of magic
 s - a potion of agility
Books
 m - a book of Maledictions

   Spells                             Type                      Level
   a - Corona                         Hexes                        1
   b - Ensorcelled Hibernation        Hexes/Ice                    2
   c - Confuse                        Hexes                        3
   d - Tukima's Dance                 Hexes                        3
   e - Dazzling Spray                 Conjuration/Hexes            3
Comestibles
 f - 6 bread rations


   Skills:
 - Level 2.4 Fighting
 + Level 7.6 Long Blades
 - Level 2.0 Throwing
 + Level 7.0 Dodging


You had 6 spell levels left.
You didn't know any spells.

Dungeon Overview and Level Annotations

Branches:
Dungeon (4/15)             Temple (1/1) D:4

Altars:
Ashenzari
Cheibriados
Elyvilon
Gozag
Hepliaklqana
Kikubaaqudgha
Makhleb
Nemelex Xobeh
Okawaru
Qazlal
Sif Muna
Trog
Uskayaw
Vehumet
Xom
Yredelemnul
Zin
The Shining One


Innate Abilities, Weirdness & Mutations

You reflexively headbutt those who attack you in melee.
You have a pair of horns on your head.


Message History

Throwing (i - inventory):
d - a throwing net (quivered)
Press: ? - help, Shift-Dir - straight line, f/p - orc
Aim: an orc, wielding a vampiric trident You throw a throwing net.
The throwing net hits the orc.
The orc is caught in the net!
The orc struggles against the net.
Your transformation is almost over.
The orc struggles against the net.
The orc struggles against the net.
The orc struggles against the net.
The net rips apart, and the orc comes free!
The orc hits you but does no damage. The orc hits you but does no damage.
The orc hits you but does no damage. The orc hits you but does no damage.
The orc hits you but does no damage.
You feel less woody.
Your +1 hat unmelds from your body.
Your +0 leather armour unmelds from your body.
The orc hits you from afar with a vampiric trident.
You die...

#.....(.#......#....# #
#.......#.####.#.##.# #
#.......#.# #.#.##.######
#.........# #.#..........
#......#..####.#.##.######
#......#............#
#......#.#####.#.####
#......#..# #.#.#
#########@# #.#.# #)#
#.#.# ......o))# #.#.#
.........# #.#.#
.)........ .. .#
.........## ..........
....(...#. ##.######..


You could see an orc.

Vanquished Creatures
  Sigmund (D:4)
  An ogre (D:4)
  A scorpion (D:4)
  An orc priest (D:4)
  A hound (D:4)
  3 orc wizards (D:4)
  Natasha (thrice) (D:2)
  5 adders
  3 dart slugs
  2 worms
  3 leopard geckos
  3 orcs (D:4)
  A ball python (D:1)
  4 bats
  7 giant cockroaches
  6 goblins
  6 hobgoblins
  2 jackals (D:3)
  A quokka (D:3)
  5 frilled lizards
  6 kobolds
  6 rats
71 creatures vanquished.

Notes
Turn   | Place    | Note
-------+----------+-------------------------------------------
     0 | D:1      | Grinner the Minotaur Gladiator began the quest for the Orb.
     0 | D:1      | Reached XP level 1. HP: 18/18 MP: 0/0
   206 | D:1      | Reached XP level 2. HP: 25/25 MP: 1/1
   461 | D:2      | Found a shimmering altar of Xom.
   486 | D:2      | Found a shattered altar of Ashenzari.
   493 | D:2      | Reached XP level 3. HP: 28/30 MP: 2/2
   505 | D:2      | Found a shimmering altar of Xom.
   505 | D:2      | Found a shimmering altar of Xom.
   842 | D:2      | Noticed Natasha
   852 | D:2      | Killed Natasha
   852 | D:2      | Reached XP level 4. HP: 12/37 MP: 3/3
  1051 | D:2      | Noticed Natasha
  1057 | D:2      | Killed Natasha
  1057 | D:2      | Reached skill level 5 in Long Blades
  1089 | D:2      | Noticed Natasha
  1092 | D:2      | Killed Natasha
  1470 | D:3      | Reached XP level 5. HP: 41/42 MP: 4/4
  1557 | D:3      | Reached skill level 5 in Dodging
  1776 | D:3      | Found a snail-covered altar of Cheibriados.
  1888 | D:3      | Found an opulent altar of Gozag.
  2013 | D:4      | Noticed Sigmund
  2031 | D:4      | Killed Sigmund
  2031 | D:4      | Reached XP level 6. HP: 50/50 MP: 5/5
  2191 | D:4      | Found a staircase to the Ecumenical Temple.
  2213 | Temple   | Entered the Ecumenical Temple
  2299 | Temple   | Became a worshipper of Qazlal Stormbringer
  2343 | D:4      | Reached XP level 7. HP: 21/56 MP: 6/6
  2383 | D:4      | HP: 3/84 [orc/vampiric trident (5)]
  2406 | D:4      | Slain by an orc

Skill      XL: |  1  2  3  4  5  6  7 |
---------------+----------------------+-----
Long Blades    | 4 5 6 7 |  7.6
Dodging        | 4 6 7 |  7.0
Fighting       | |  2.4
Throwing       | |  2.0

Action                   |  1- 3 |  4- 6 |  7- 9 || total
-------------------------+-------+-------+-------++-------
Melee: Long sword        |    58 |    79 |    27 ||   164
       Headbutt          |     6 |    21 |     2 ||    29
Throw: Throwing net      |       |       |     3 ||     3
  Use: Potion            |       |     5 |     4 ||     9
       Scroll            |       |     8 |       ||     8
  Eat: Chunk             |       |     4 |       ||     4
Armor: Leather armour    |    13 |    10 |     1 ||    24
       Skin              |       |       |    28 ||    28
Dodge: Dodged            |    37 |    50 |    20 ||   107
       Rpst.: Long sword |     8 |    16 |       ||    24
